 Dungeon Crawl Stone Soup version 0.32-a0-43-g058985b245 (webtiles) character file.

Game seed: 5723486788368814923

354 MeridiaMaster the Conjurer (level 6, -2/33 HPs)
             Began as a Deep Elf Conjurer on Feb 4, 2024.
             Slain by an ice beast (3 damage)
             ... on level 5 of the Dungeon on Feb 5, 2024.
             The game lasted 00:35:51 (5262 turns).

MeridiaMaster the Conjurer (Deep Elf Conjurer)      Turns: 5262, Time: 00:35:52

Health: -2/33      AC:  5    Str:  4    XL:     6   Next: 35%
Magic:  1/15       EV: 11    Int: 25    God:
Gold:   224        SH:  0    Dex: 13    Spells: 7/14 levels left

rFire   . . .        f - +0 dagger
rCold   . . .        (no shield)
rNeg    + . .        b - +2 leather armour {rN+}
rPois   +            (no helmet)
rElec   .            (no cloak)
rCorr   .            (no gloves)
SInv    .            (no boots)
Will    .....        (no amulet)
Stlth   ++           x - ring of poison resistance
HPRegen 0.25/turn    (no ring)
MPRegen 0.14/turn

%: no passive effects
@: no status effects
A: no striking features
a: no special abilities


You were on level 5 of the Dungeon.
You visited 1 branch of the dungeon, and saw 5 of its levels.

You collected 224 gold pieces.

Inventory:

Hand Weapons
 f - a +0 dagger (weapon)
 n - a +0 rapier
 o - a +0 short sword
 t - a +0 spectral quarterstaff
 u - a +0 quarterstaff
Missiles
 e - 34 stones
Armour
 a - a +0 robe
 b - a +2 leather armour of positive energy (worn)
 h - a +0 robe
Jewellery
 x - a ring of poison resistance (left hand)
Talismans
 g - a maw talisman
 m - a flux talisman
Scrolls
 c - 2 scrolls of identify
 d - a scroll of torment
 i - a scroll of fog
 j - a scroll of brand weapon
 k - 4 scrolls of noise
 l - 2 scrolls of enchant weapon
 r - 2 scrolls of amnesia
Potions
 p - a potion of enlightenment
 q - 2 potions of curing
 s - 2 potions of heal wounds
 v - a potion of might {unknown}
 w - a potion of attraction


   Skills:
 + Level 0.6 Fighting
 + Level 1.4 Short Blades
 + Level 2.0 Armour
 + Level 3.3 Dodging
 + Level 3.2 Stealth
 + Level 4.7 Spellcasting
 + Level 6.1 Conjurations


You had 7 spell levels left.
You knew the following spells:

 Your Spells              Type           Power      Damage    Failure   Level
a - Magic Dart            Conj           100%       1d8       1%          1
b - Searing Ray           Conj           72%        2d7       1%          2
c - Iskenderun's Mystic   Conj/Tloc      21%        2d6       38%         4

Your spell library contained the following spells:

 Spells                   Type           Power      Damage    Failure   Level
 Fulminant Prism          Conj/Alch      10%        3d8       38%         4


Dungeon Overview and Level Annotations

Branches:
Dungeon (5/15)
 Temple: D:4-7

Altars:
Gozag
Qazlal

Shops:
D:3 [

Annotations:
D:4 2 transporters, CraigForest's ghost, amateur DsGl


Message History

(Press . to maintain the ray.) Restarting spell: Searing Ray (safe; 1% risk of failure)
Press: ? - help, Q - select action, (/) - cycle Shift-Dir - straight line, f - orc
Aim: an orc, wielding a +0 dagger (81% to hit)
The searing ray hits the orc!
You kill the orc! (Press . to maintain the ray.) Restarting spell: Searing Ray (safe; 1% risk of failure)
Press: ? - help, Q - select action, (/) - cycle Shift-Dir - straight line, f - orc priest
Aim: an orc priest, wielding a +0 morningstar and wearing a +0 ring mail (83% to hit)
The searing ray hits the orc priest!
The orc priest is heavily wounded.
The searing ray hits the ice beast.
The ice beast is moderately wounded. (Press . to maintain the ray.) Restarting spell: Searing Ray (safe; 1% risk of failure)
Press: ? - help, Q - select action, (/) - cycle Shift-Dir - straight line, f/p - orc priest
Aim: an orc priest, wielding a +0 morningstar and wearing a +0 ring mail (heavily wounded, 83% to hit)
The searing ray hits the orc priest.
The orc priest is almost dead.
The searing ray hits the ice beast.
The ice beast is heavily wounded. (Press . to maintain the ray.)
The searing ray hits the orc priest but does no damage.
The orc priest is almost dead.
The searing ray hits the ice beast!
The ice beast is severely wounded.
The orc priest mumbles some strange prayers to Beogh against you.
Beogh smites you!
You don't have enough magic to cast this spell.
The orc priest hits you with a +0 morningstar!
The ice beast hits you.
* * * LOW HITPOINT WARNING * * *
The ice beast freezes you!
* * * LOW HITPOINT WARNING * * *
The orc barely misses you.
You hit the orc priest but do no damage.
The orc priest is almost dead.
The orc priest barely misses you. The ice beast hits you.
You die...

..##........
... ..#..:.....
...#
...<.......
....#
..........
.....#.........
.). .........
#.##........
#.o@........
##Yo........
##<........
##....####
######


You could see an ice beast, an orc priest and an orc.

Vanquished Creatures
  A bombardier beetle (D:4)
  A jelly (D:4)
  2 orc priests
  A sleepcap (D:4)
  Terence (D:2)
  An iguana (D:4)
  3 gnolls (D:3)
  5 adders
  3 ribbon worms
  2 dart slugs (D:1)
  4 orcs
  4 ball pythons
  4 bats
  6 endoplasms
  6 giant cockroaches
  4 goblins
  2 hobgoblins
  8 jackals
  3 quokkas
  7 frilled lizards
  7 kobolds
  4 rats
79 creatures vanquished.

Notes
Turn   | Place    | Note
-------+----------+-------------------------------------------
     0 | D:1      | MeridiaMaster the Deep Elf Conjurer began the quest for the
                  | Orb.
     0 | D:1      | Reached XP level 1. HP: 10/10 MP: 6/6
   299 | D:1      | Reached XP level 2. HP: 4/15 MP: 4/8
   352 | D:1      | Learned a level 2 spell: Searing Ray
   437 | D:1      | Reached skill level 5 in Conjurations
  1454 | D:2      | Reached XP level 3. HP: 11/19 MP: 9/9
  1470 | D:2      | Noticed Terence
  1476 | D:2      | Killed Terence
  1647 | D:2      | Reached XP level 4. HP: 24/24 MP: 8/11
  1718 | D:2      | Learned a level 4 spell: Iskenderun's Mystic Blast
  2110 | D:2      | Found a faded altar of an unknown god.
  2939 | D:3      | Found a stormy altar of Qazlal.
  3000 | D:3      | Reached skill level 1 in Short Blades
  3000 | D:3      | Reached skill level 1 in Armour
  3087 | D:3      | Reached XP level 5. HP: 10/28 MP: 5/12
  3135 | D:3      | Found an opulent altar of Gozag.
  3389 | D:3      | Found Reckew's Armour Emporium.
  4260 | D:4      | Reached skill level 6 in Conjurations
  4260 | D:4      | Reached XP level 6. HP: 33/33 MP: 8/14
  4472 | D:4      | Found a transporter.
  4602 | D:4      | Found a transporter.
  4606 | D:4      | Noticed CraigForest's ghost (amateur DsGl)
  5249 | D:5      | Entered Level 5 of the Dungeon
  5251 | D:5      | Noticed an ice beast
  5261 | D:5      | HP: 1/33 [ice beast (8)]
  5262 | D:5      | Slain by an ice beast

Illustrated notes

Levels and vault maps discovered:
D:1:      minmay_arrival_wavy_path, layout_basic, minivault_23
D:2:      layout_loops_corners, nicolae_ecumenical_snake_handling,
          feat_on_display, uniq_terence
D:3:      layout_rooms, lemuel_crystal_altar, grunt_gozag_breadcrumbs,
          portal_sewer_entry_b, serial_shops, nicolae_shop_back_alley_shop,
          amcnicky_mini_pool_small, nrook_campfire, kennysheep_generic_room_3
D:4:      layout_loops_corners, gammafunk_ghost_mausoleum
D:5:      layout_cave_pools, minmay_temple_entry_wispy, minmay_manual_moon,
          uniq_sigmund, uniq_duvessa

Skill      XL: |  1  2  3  4  5  6 |
---------------+-------------------+-----
Conjurations   | 5 6 |  6.1
Short Blades   | 1 |  1.4
Armour         | 1 2 |  2.0
Dodging        | 3 |  3.3
Stealth        | 3 |  3.2
Spellcasting   | 4 |  4.7
Fighting       | |  0.6

Action                     |  1- 3 |  4- 6 || total
---------------------------+-------+-------++-------
  Melee: Dagger            |    32 |    41 ||    73
         Punch             |       |     1 ||     1
   Cast: Magic Dart        |    12 |       ||    12
         Searing Ray       |    18 |    66 ||    84
    Use: Scroll            |     5 |     6 ||    11
         Potion            |     1 |       ||     1
 Armour: Robe              |    10 |       ||    10
         Leather armour    |    23 |    50 ||    73
  Dodge: Dodged            |    42 |    48 ||    90

Table legend: (Time is in decaauts)
 A = Elapsed time spent in this place.
 B = Non-inter-level travel time spent in this place.
 C = Inter-level travel time spent in this place.
 D = Time resting spent in this place.
 E = Time spent auto-exploring this place.
 F = Levels seen in this place.
 G = Mean time per level.
                   A        B        C        D        E       F      G
               +--------+--------+--------+--------+--------+-----+--------+
         Total |   5264 |   4935 |    329 |    942 |   1739 |   5 | 1052.8 |
       Dungeon |   5264 |   4935 |    329 |    942 |   1739 |   5 | 1052.8 |
               +--------+--------+--------+--------+--------+-----+--------+

Top non-repeatable levels by time:
     D:4: 1426 daAuts
     D:2: 1368 daAuts
     D:1: 1276 daAuts
     D:3: 1180 daAuts
     D:5: 12 daAuts
